[Event "*** Titled Tuesday Blitz"]
[Site "Chess.com"]
[Date "2020.04.14"]
[Round "6"]
[White "konradrutkowski"]
[Black "Zajdanek"]
[Result "0-1"]
[WhiteElo "2190"]
[BlackElo "2361"]
[TimeControl "180+1"]
[EndTime "11:03:50 PDT"]
[Termination "Zajdanek won on time"]

1. Nf3 d5 2. g3 c6 3. Bg2 e6 4. O-O f5 5. c4 Nf6 6. b3 Bc5 7. Bb2 O-O 8. d3 Qe7 9. Nbd2 Ba3 10. Qc1 Bxb2 11. Qxb2 Nbd7 12. Rac1 a5 13. a3 Ne8 14. b4 axb4 15. axb4 Nb6 16. Ra1 Rb8 17.
Ne5 Nc7 18. Ndf3 Bd7 19. Qd4 Nc8 20. Rfb1 Be8 21. h4 h6 22. Qe3 Nd6 23. Nd4 f4 24.
Qd2 Qf6 25. Ndf3 fxg3 26. fxg3 Nf5 27. Kh2 Rd8 28. Rf1 dxc4 29. Nxc4 Qg6 30. Qe1 Qh5 31. Nce5 Ne3 32. g4 Nxg4+ 0-1

[Event "*** Titled Tuesday Blitz"]
[Site "Chess.com"]
[Date "2020.04.14"]
[Round "6"]
[White "Oleksandr_Bortnyk"]
[Black "pheonixking2000"]
[Result "1-0"]
[WhiteElo "3051"]
[BlackElo "2838"]
[TimeControl "180+1"]
[EndTime "11:03:51 PDT"]
[Termination "Oleksandr_Bortnyk won by checkmate"]

1. d4 d5 2. Nc3 e6 3. Bf4 Nf6 4. Nb5 Bb4+ 5. c3 Ba5 6. a4 a6 7.
b4 Bxb4 8. cxb4 axb5 9. axb5 Rxa1 10. Qxa1 Nh5 11. Be5 Nd7 12. Nf3 O-O 13. e3 Nb6 14. Qc3 Bd7 15. Qxc7 Qxc7 16. Bxc7 Nc4 17. Bxc4 dxc4 18. b6 Nf6 19. O-O Nd5 20. Rc1 Bb5 21. e4 Nxb4 22. Rb1 c3 23. Rxb4 c2 24. Bf4 Ra8 25.
h3 Ra1+ 26. Kh2 Be2 27. d5 exd5 28. Nd4 Bd3 29. exd5 c1=Q 30. Bxc1 Rxc1 31. d6 Rc8 32. Nb3 Bf5 33. Na5 Rb8 34. Rc4 Kf8 35. Rc7 Be4 36. d7 Ke7 37. Rc8 Kxd7 38. Rxb8 Kd6 39. Nxb7+ Kc6 40.
Nd8+ Kd7 41. Nxf7 Bd5 42. Ng5 Kd6 43. Nxh7 Kc6 44. Ng5 Bc4 45. Rc8+ Kxb6 46. Rxc4 Kb5 47. Rg4 Kc5 48. Nf3 Kd5 49. Rxg7 Ke6 50. Rg4 Kf6 51.
Kg3 Kf5 52. h4 Ke6 53. h5 Kf6 54. h6 Kf5 55. h7 Ke6 56. h8=Q Kf5 57. Qe5# 1-0

[Event "*** Titled Tuesday Blitz"]
[Site "Chess.com"]
[Date "2020.04.14"]
[Round "6"]
[White "TomasKapitanchuk"]
[Black "mapebo94"]
[Result "1-0"]
[WhiteElo "2496"]
[BlackElo "1976"]
[TimeControl "180+1"]
[EndTime "11:03:51 PDT"]
[Termination "TomasKapitanchuk won by resignation"]

1. e4 e6 2. d4 d5 3. Nd2 c5 4. exd5 Qxd5 5. Ngf3 cxd4 6. Bc4 Qd8 7. O-O Nf6 8. Nb3 Nc6 9. Nbxd4 Nxd4 10. Nxd4 a6 11.
c3 Be7 12. Qf3 O-O 13. Bg5 e5 14. Nf5 Bxf5 15. Qxf5 b5 16. Bb3 h6 17. Rad1 Qc7 18.
Bxh6 gxh6 19. Qg6+ Kh8 20. Qxh6+ Nh7 21. Rd3 Bg5 22. Qh5 Qc6 23. Bd5 Qg6 24. Qxg6 fxg6 25. Bxa8 Rxa8 26. Rfd1 Kg7 27. Rd7+ Kh6 28. g3 Nf8 29.
R7d6 Be7 30. Rc6 Kg7 31. Re1 Bf6 32. Rd1 Ra7 33. Kg2 Kf7 34. Kf3 Ne6 35. h4 Re7 36. Rdd6 Bg7 37. Rxa6 e4+ 38. Ke2 Nf8 39. Rab6 Be5 40.
Rd5 b4 41. Rxb4 Ke6 42. Rbb5 Bd6 43. Rd4 Kf7 44. Rxd6 e3 45. fxe3 1-0

[Event "*** Titled Tuesday Blitz"]
[Site "Chess.com"]
[Date "2020.04.14"]
[Round "6"]
[White "Filip_Covic"]
[Black "Caclox"]
[Result "1-0"]
[WhiteElo "2318"]
[BlackElo "2460"]
[TimeControl "180+1"]
[EndTime "11:03:51 PDT"]
[Termination "Filip_Covic won on time"]

1. d4 Nf6 2. c4 c5 3. d5 e6 4. Nc3 exd5 5. cxd5 d6 6. Nf3 g6 7. Bf4 a6 8. a4 Bg7 9. e3 O-O 10. h3 Ne8 11. Be2 Qe7 12. O-O Nd7 13.
Re1 Rb8 14. a5 Ne5 15. Na4 Bd7 16. Rb1 Nc7 17. Nxc5 Bb5 18. Nxe5 Bxe5 19. Bxe5 Qxe5 20. Bxb5 dxc5 21. Bc4 Rbd8 22. Qb3 Nxd5 23. Qxb7 Nb4 24. Red1 Rxd1+ 25. Rxd1 Qxb2 26. Rd7 Qc1+ 27. Bf1 Na2 28.
Qxa6 Nc3 29. Qc4 h5 30. a6 Qa3 31. a7 Na2 32. e4 Nb4 33. e5 Nc6 34. e6 Nxa7 35.
exf7+ Kg7 36. Qe6 1-0

[Event "*** Titled Tuesday Blitz"]
[Site "Chess.com"]
[Date "2020.04.14"]
[Round "6"]
[White "IMUffeVinther-Schou"]
[Black "Gubajdullin"]
[Result "1-0"]
[WhiteElo "2336"]
[BlackElo "2469"]
[TimeControl "180+1"]
[EndTime "11:03:52 PDT"]
[Termination "IMUffeVinther-Schou won by checkmate"]

1. e4 c6 2. d4 d5 3. e5 Bf5 4.
h4 h5 5. c4 e6 6. Nc3 Nh6 7.
Nge2 Be7 8. cxd5 exd5 9. Bxh6 Rxh6 10. Ng3 Be6 11. Nxh5 Kf8 12. g3 Qb6 13. Nf4 Qxb2 14. Rc1 Bb4 15. Qd2 Qxd2+ 16. Kxd2 c5 17. Nd3 Ba3 18.
Rb1 cxd4 19. Nb5 Be7 20. Nc7 Bd8 21. Nxa8 Ba5+ 22. Ke2 Bc8 23. Bh3 Bxh3 24. Rxb7 Bg4+ 25. f3 Nc6 26. fxg4 Re6 27. Rc1 Kg8 28. Nc7 Bxc7 29.
Rxc7 Nxe5 30. Nxe5 Rxe5+ 31. Kf2 d3 32. Rd1 Re2+ 33.
Kf3 Rxa2 34. Rxd3 Ra5 35. g5 g6 36. g4 a6 37. h5 Rb5 38. h6 a5 39. Rd4 a4 40. Rxa4 Rb3+ 41. Kf4 d4 42. Ra8+ Kh7 43. Rxf7# 1-0

[Event "*** Titled Tuesday Blitz"]
[Site "Chess.com"]
[Date "2020.04.14"]
[Round "6"]
[White "Zmof"]
[Black "IljaJoke"]
[Result "1-0"]
[WhiteElo "2328"]
[BlackElo "2507"]
[TimeControl "180+1"]
[EndTime "11:03:53 PDT"]
[Termination "Zmof won on time"]

1. e4 g6 2. d4 Nf6 3. Bd3 d5 4. exd5 Nxd5 5. c3 Bg7 6. Nf3 O-O 7. O-O Bg4 8. h3 Bxf3 9. Qxf3 c6 10. Nd2 Nd7 11.
Nc4 N5b6 12. Be3 Nxc4 13. Bxc4 Nb6 14. Bd3 e6 15. Rfe1 Nd5 16. Rad1 a5 17. Qe2 a4 18. Qd2 Nxe3 19. fxe3 a3 20. b3 e5 21. Bc4 exd4 22. exd4 Qd6 23. b4 Kh8 24. Kh1 b5 25. Bb3 h5 26. Qf2 Kh7 27. Re4 f6 28. Rde1 Ra7 29. Re6 Qd7 30. Qf3 Rc7 31. Bc2 f5 32. Qf4 Rf6 33. Bb3 Rxe6 34. Rxe6 Bh6 35. Qg3 Qg7 36. Rxg6 Qxg6 37. Qxc7+ Bg7 38. Qf4 Bh6 39. Qf3 f4 40. d5 Bg5 41. dxc6 Bh4 42. c7 Qe8 43. Qd3+ Kh6 44.
Qd6+ Kg5 45. Qd8+ 1-0

[Event "*** Titled Tuesday Blitz"]
[Site "Chess.com"]
[Date "2020.04.14"]
[Round "6"]
[White "pirulillo"]
[Black "RestartingChess"]
[Result "1-0"]
[WhiteElo "2197"]
[BlackElo "2379"]
[TimeControl "180+1"]
[EndTime "11:03:54 PDT"]
[Termination "pirulillo won by resignation"]

1. e4 d5 2. exd5 Qxd5 3. Nc3 Qd8 4. d4 Nf6 5. Nf3 c6 6. Ne5 Be6 7. Bc4 Bxc4 8. Nxc4 e6 9. O-O Be7 10. Ne5 O-O 11. Be3 Nbd7 12. f4 Nd5 13. Nxd5 cxd5 14.
f5 Bf6 15. Nxd7 Qxd7 16. fxe6 fxe6 17. Qd3 Rac8 18. c3 a6 19. Rae1 Qa4 20. a3 Qc4 21. Qxc4 Rxc4 22. Bf4 Rc6 23. Be5 Bxe5 24. Rxe5 Rxf1+ 25. Kxf1 Rb6 26. Re2 Kf7 27. Ke1 Kf6 28. Kd1 Rc6 29. Kc2 Rc7 30. Kd3 Ke7 31. b3 Kd6 32. c4 Rf7 33. h3 Rf1 34. c5+ Ke7 35. Kc3 Ra1 36. Kb2 Rg1 37. b4 g5 38. a4 h5 39. b5 axb5 40. axb5 g4 41. hxg4 hxg4 42.
Kc3 Rf1 43. Re3 Rb1 44. b6 Ra1 45. Kb2 Ra4 46. Kb3 Ra1 47. Kb4 Rc1 48. Rc3 Rb1+ 49. Rb3 Rxb3+ 50. Kxb3 Kd7 51. g3 Kc6 52. Kb4 e5 53.
dxe5 d4 54. e6 d3 55. Kc3 Kxc5 56. e7 d2 57. Kxd2 Kxb6 58. e8=Q 1-0

[Event "*** Titled Tuesday Blitz"]
[Site "Chess.com"]
[Date "2020.04.14"]
[Round "6"]
[White "SHIVACalypso"]
[Black "CroissantNeuf"]
[Result "1/2-1/2"]
[WhiteElo "2256"]
[BlackElo "2393"]
[TimeControl "180+1"]
[EndTime "11:03:55 PDT"]
[Termination "Game drawn by repetition"]

1. Nf3 d5 2. c4 e6 3. g3 a6 4. cxd5 exd5 5. Bg2 Nf6 6. O-O Bd6 7. b3 O-O 8. Bb2 Re8 9. d3 c5 10. Re1 Nc6 11.
Nbd2 d4 12. Nc4 Bf8 13. a4 Be6 14. e3 dxe3 15. Nxe3 Nb4 16. d4 Nfd5 17. Nxd5 Bxd5 18. Rxe8 Qxe8 19. dxc5 Bxc5 20. Ba3 Rd8 21. Bxb4 Bxb4 22. Qd4 Be7 23. Qe3 Bf6 24. Re1 Qxe3 25. Rxe3 Bc6 26.
h4 g6 27. Ne5 Rd1+ 28. Kh2 Bxg2 29. Kxg2 Rd2 30. Nc4 Rc2 31. Rd3 Be7 32. Ne3 Rb2 33.
Rc3 Bf6 34. Rd3 Be7 35. Rc3 Bb4 36. Rd3 Bc5 37. Kf3 Kg7 38. Rc3 Bd4 39. Rd3 Bc5 40. Rc3 b6 41. Rd3 a5 42. Nd1 Rc2 43. Ne3 Rb2 44. Nd1 Rc2 45. Ne3 Rb2 1/2-1/2

[Event "*** Titled Tuesday Blitz"]
[Site "Chess.com"]
[Date "2020.04.14"]
[Round "6"]
[White "Gordima"]
[Black "TST2014"]
[Result "1-0"]
[WhiteElo "2756"]
[BlackElo "2535"]
[TimeControl "180+1"]
[EndTime "11:03:56 PDT"]
[Termination "Gordima won on time"]

1. d4 Nf6 2. c4 c5 3. d5 b5 4. cxb5 a6 5. e3 g6 6. Nc3 Bg7 7. Nf3 Qa5 8. Bd2 axb5 9. Nxb5 Qb6 10. d6 exd6 11. Bc3 d5 12. a4 Bb7 13. Be2 O-O 14. O-O Re8 15. a5 Qd8 16. Nd6 Bc6 17. Nxe8 Qxe8 18. a6 d6 19. b4 d4 20. exd4 Nd5 21. Bd2 cxb4 22. Re1 Qd8 23. Qb3 Nd7 24.
a7 N7b6 25. Bxb4 Qd7 26. Ba5 Qb7 27. Bxb6 Nxb6 28. Reb1 Rxa7 29. Rxa7 Qxa7 30. Qxb6 Qxb6 31. Rxb6 Bxf3 32. Bxf3 Bxd4 33. Rxd6 Be5 34. Rd7 f6 35. Bd5+ Kh8 36. g3 h5 37. f4 1-0

[Event "*** Titled Tuesday Blitz"]
[Site "Chess.com"]
[Date "2020.04.14"]
[Round "6"]
[White "Sychev_Klementy"]
[Black "AustrianFalcon"]
[Result "0-1"]
[WhiteElo "2754"]
[BlackElo "2565"]
[TimeControl "180+1"]
[EndTime "11:03:57 PDT"]
[Termination "AustrianFalcon won by resignation"]

1. e4 g6 2. d4 Bg7 3. Nc3 d6 4. f4 Nf6 5. Nf3 O-O 6. e5 dxe5 7. fxe5 Nd5 8. Bc4 Nxc3 9. bxc3 c5 10. O-O Bg4 11. h3 Bxf3 12. Rxf3 Nc6 13. Be3 Qa5 14. Qd3 Rad8 15. Rxf7 Rxf7 16. Bxf7+ Kxf7 17. Qc4+ Ke8 18.
Rf1 Kd7 19. Rf7 Bf8 20. Bf4 cxd4 21. cxd4 Kc8 22. d5 Qxd5 23. Qxd5 Rxd5 24. Rxf8+ Kd7 25.
Rf7 h5 26. Rg7 Nxe5 27. Kh2 a5 28. Kg3 b5 29. Bxe5 Rxe5 30. Rxg6 Rc5 31. Ra6 a4 32. Rb6 Kc7 33. Re6 Rxc2 34. Rxe7+ Kb6 35. a3 Rc3+ 36. Kh4 Rxa3 37. Kxh5 Rc3 38. g4 a3 39. g5 a2 40.
Re1 b4 41. g6 b3 42. g7 Rg3 43. Kh6 b2 0-1

[Event "*** Titled Tuesday Blitz"]
[Site "Chess.com"]
[Date "2020.04.14"]
[Round "6"]
[White "Donseng"]
[Black "BaMBoMaTTo"]
[Result "0-1"]
[WhiteElo "2524"]
[BlackElo "2710"]
[TimeControl "180+1"]
[EndTime "11:03:57 PDT"]
[Termination "BaMBoMaTTo won by resignation"]

1. e4 c5 2. Nf3 d6 3. d4 cxd4 4.
Nxd4 Nf6 5. Nc3 a6 6. Be3 e5 7. Nb3 Be6 8. h3 Be7 9. Qf3 O-O 10. O-O-O b5 11. g4 b4 12. Nd5 Nxd5 13. exd5 Bc8 14. Bd3 a5 15. Kb1 Ba6 16. Be4 Nd7 17. h4 a4 18. Nc1 Nf6 19. g5 Nxe4 20. Qxe4 b3 21. cxb3 axb3 22. Nxb3 Qd7 23. h5 Be2 24. Rc1 Ra4 25.
Qc2 Bf3 26. Qc6 Qf5+ 27. Ka1 Rfa8 28. a3 Bxh1 29. Rxh1 Qd3 30. Ka2 Rb8 31. Qxa4 Qxd5 32. Rc1 Qf3 33. Qc4 Qxh5 34. Na5 Bxg5 35. Nc6 Rf8 36. Bxg5 Qxg5 37. a4 d5 38. f4 exf4 39. Qxd5 Qxd5+ 0-1

[Event "*** Titled Tuesday Blitz"]
[Site "Chess.com"]
[Date "2020.04.14"]
[Round "6"]
[White "Mr_Sinigami"]
[Black "JMatias"]
[Result "1-0"]
[WhiteElo "2586"]
[BlackElo "2369"]
[TimeControl "180+1"]
[EndTime "11:03:57 PDT"]
[Termination "Mr_Sinigami won on time"]

1. Nf3 Nf6 2. c4 d6 3. Nc3 g6 4.
d4 Bg7 5. e4 O-O 6. Be2 e5 7.
O-O Na6 8. d5 Nc5 9. Qc2 a5 10.
Bd2 Nh5 11. Bg5 f6 12. Be3 f5 13. a3 Nxe4 14. Nxe4 fxe4 15. Ng5 Nf4 16. Bxf4 exf4 17. Nxe4 Be5 18. Bf3 h5 19. Rae1 Kg7 20. Nc3 Rh8 21.
Qe2 Qh4 22. Be4 Qf6 23. Nb5 Qf7 24. Qc2 g5 25. Rd1 g4 26. Nd4 h4 27. Ne6+ Kg8 28. Bg6 Qe7 29. Bf5 g3 30. Qe4 Rh6 31. Kh1 1-0

[Event "*** Titled Tuesday Blitz"]
[Site "Chess.com"]
[Date "2020.04.14"]
[Round "6"]
[White "Cayse"]
[Black "FairChess_on_YouTube"]
[Result "0-1"]
[WhiteElo "2709"]
[BlackElo "2987"]
[TimeControl "180+1"]
[EndTime "11:03:58 PDT"]
[Termination "FairChess_on_YouTube won on time"]

1. d4 g6 2. e4 Bg7 3. Nc3 c6 4. f4 Qb6 5. Nf3 Nh6 6. Na4 Qa5+ 7. c3 d6 8. b4 Qc7 9. Be3 Ng4 10. Bd2 O-O 11. h3 Nf6 12. Bd3 a5 13. O-O axb4 14. cxb4 b5 15. Nc3 Ra3 16. Qc2 Qa7 17. Bc1 Ra6 18. Kh2 Nfd7 19. Bb2 Nb6 20. f5 N8d7 21. d5 Bb7 22. dxc6 Bxc6 23. Nxb5 Bxb5 24. Bxb5 Rc8 25. Qb3 Bxb2 26. fxg6 Be5+ 27. Nxe5 Nxe5 28. gxf7+ Kf8 29. Qe3 Kg7 30. f8=Q+ Rxf8 31. Rxf8 Kxf8 32. Rf1+ Kg7 33. Qf4 Ng6 34. Qf7+ Kh6 35. Bxa6 Qxa6 36. Qf2 Nd7 37. Qe3+ Kg7 38. Rc1 Nf6 39. a3 Ne5 40.
Qg3+ Kf7 41. Rf1 Qxf1 42. Qb3+ Qc4 0-1

[Event "*** Titled Tuesday Blitz"]
[Site "Chess.com"]
[Date "2020.04.14"]
[Round "6"]
[White "giantslayer83"]
[Black "Hanging_pointer"]
[Result "1-0"]
[WhiteElo "2727"]
[BlackElo "2555"]
[TimeControl "180+1"]
[EndTime "11:03:58 PDT"]
[Termination "giantslayer83 won by resignation"]

1. d4 d5 2. c4 c6 3. Nf3 Nf6 4. e3 Bf5 5. Nc3 e6 6. Nh4 Be4 7. f3 Bg6 8. Qb3 Qb6 9. Bd2 Qxb3 10. axb3 Bc2 11. c5 Bxb3 12. g3 Bc2 13. b4 Be7 14. Ra2 Bg6 15. Nxg6 hxg6 16. Bd3 Nbd7 17.
f4 O-O 18. b5 cxb5 19. Bxb5 Rfc8 20. O-O a6 21. Ba4 b5 22. Bc2 Rcb8 23. Bd3 Bxc5 24. dxc5 Nxc5 25. Be2 b4 26. Na4 b3 27. Ra3 Nxa4 28. Rxa4 Ne4 29. Ba5 b2 30. Rb1 Rb3 31. Rb4 Rb8 32. Rxb8+ Rxb8 33. Be1 Rb3 34. Kf1 Rxe3 35.
Rxb2 Ra3 36. Rb8+ Kh7 37. Ra8 Ra1 38. Bd3 Nc5 39. Be2 Ne4 40. Bxa6 Nc5 41. Bb7 Rb1 42.
Ba6 Nxa6 43. Rxa6 Rb2 44. h4 Rb3 45. Ra7 Rxg3 1-0

[Event "*** Titled Tuesday Blitz"]
[Site "Chess.com"]
[Date "2020.04.14"]
[Round "6"]
[White "Atanejhad"]
[Black "GMAkobianSTL"]
[Result "0-1"]
[WhiteElo "2542"]
[BlackElo "2771"]
[TimeControl "180+1"]
[EndTime "11:03:58 PDT"]
[Termination "GMAkobianSTL won by checkmate"]

1. e4 e6 2. d4 d5 3. Nd2 Nf6 4. e5 Nfd7 5. f4 c5 6. c3 Nc6 7.
Ngf3 Qb6 8. Nb3 Be7 9. Be2 cxd4 10. Nbxd4 Nc5 11. O-O Ne4 12. Qc2 O-O 13. Be3 Qc7 14. Bd3 Nxd4 15. Nxd4 b6 16. Bxe4 dxe4 17. Qxe4 Bb7 18. Qc2 Rad8 19. Rad1 h6 20. Rd2 Rd7 21. Rfd1 Rfd8 22. h3 a6 23. Nb3 Rxd2 24. Rxd2 Rxd2 25. Qxd2 Qc6 26. Qf2 Bd8 27. Nd4 Qe4 28. a3 b5 29.
Kh2 Bd5 30. Qg3 Kh7 31. Qf2 Bh4 32. Qd2 Kg8 33. Nc2 Be7 34. Ne1 Qb1 35. Nd3 a5 36. Bb6 a4 37. Bd4 Be4 38. Nc5 Bc2 39. c4 bxc4 40. Nb7 Bd3 41. Nd6 Qf1 42. Qf2 Qd1 43. Bc5 h5 44. Bb4 h4 45. Nxc4 Bxb4 46. Ne3 Qe1 47. Qf3 Bc5 48. Ng4 Qg1# 0-1

[Event "*** Titled Tuesday Blitz"]
[Site "Chess.com"]
[Date "2020.04.14"]
[Round "6"]
[White "anushanlv"]
[Black "Megagigahiper3345"]
[Result "1-0"]
[WhiteElo "2186"]
[BlackElo "2482"]
[TimeControl "180+1"]
[EndTime "11:03:58 PDT"]
[Termination "anushanlv won on time"]

1. d4 f5 2. Nf3 Nf6 3. g3 g6 4. Bg2 Bg7 5. O-O O-O 6. b3 d6 7. Bb2 Ne4 8. Nbd2 Nc6 9. c4 Nxd2 10. Qxd2 e5 11. dxe5 dxe5 12. Qd5+ Kh8 13. Qxd8 Rxd8 14. Ng5 Re8 15. Bxc6 bxc6 16. Rfd1 Bf6 17. Nf3 Kg7 18. Ne1 e4 19. Bxf6+ Kxf6 20. Nc2 a5 21. Rd2 a4 22. b4 Be6 23. Nd4 Red8 24. a3 Bxc4 25. Rc1 c5 26. Rxc4 cxd4 27. Rcxd4 Rxd4 28. Rxd4 Ke6 29. f3 exf3 30.
exf3 Ra6 31. Rc4 Kd6 32. Kf2 Rc6 33. Rxc6+ Kxc6 34. Ke3 Kd5 35. Kd3 c6 36. f4 h6 37.
h3 h5 38. h4 c5 39. b5 c4+ 40. Kc3 Kc5 41. b6 Kxb6 42. Kxc4 Ka5 43. Kc5 Ka6 44.
Kb4 Kb6 45. Kxa4 Kc5 46. Kb3 Kb6 47. Kc4 1-0

[Event "*** Titled Tuesday Blitz"]
[Site "Chess.com"]
[Date "2020.04.14"]
[Round "6"]
[White "ntmh281"]
[Black "ristingho"]
[Result "0-1"]
[WhiteElo "2295"]
[BlackElo "2467"]
[TimeControl "180+1"]
[EndTime "11:03:58 PDT"]
[Termination "ristingho won by resignation"]

1. d4 f5 2. Bf4 Nf6 3. e3 d6 4.
Nf3 h6 5. h3 g5 6. Bh2 Bg7 7.
Bc4 e6 8. Nc3 Qe7 9. Qe2 Nc6 10.
O-O-O Bd7 11. Rhe1 O-O-O 12. Kb1 Kb8 13. a3 Ka8 14. e4 fxe4 15. Nxe4 Rhe8 16. Nc3 Qf8 17.
Ba2 Kb8 18. Qd3 Nh5 19. d5 exd5 20. Nxd5 Bf5 21. Qb5 Nf6 22. Nb4 Nxb4 23. Qxb4 Ne4 24. Nd4 Bxd4 25. Qxd4 Nc5 26. Bd5 Bg6 27. Bf3 Qf5 28. Qc3 Ne4 29. Qb4 Nc5 30. Qc3 h5 31.
Rxe8 Rxe8 32. g4 hxg4 33. hxg4 Qe6 34. Bg3 Ne4 35. Qb4 Nc5 36. Bd5 Qe2 37. Rh1 Qxc2+ 38.
Ka1 Qd3 39. Rc1 Qxd5 0-1

[Event "*** Titled Tuesday Blitz"]
[Site "Chess.com"]
[Date "2020.04.14"]
[Round "6"]
[White "rynos0411"]
[Black "TheoSlade"]
[Result "0-1"]
[WhiteElo "2397"]
[BlackElo "2283"]
[TimeControl "180+1"]
[EndTime "11:03:58 PDT"]
[Termination "TheoSlade won by resignation"]

1. e4 e5 2. Nf3 Nc6 3. Bb5 Nf6 4. O-O Nxe4 5. d4 Nd6 6. Bxc6 dxc6 7. dxe5 Nf5 8. Qxd8+ Kxd8 9. Nc3 Be7 10. h3 Nh4 11.
Rd1+ Ke8 12. Ng5 Ng6 13. Re1 Bf5 14. Re2 h6 15. Nf3 Rd8 16. g4 Be6 17. Kg2 h5 18. g5 c5 19. Be3 Kd7 20. b3 Kc6 21.
Rae1 b6 22. Bc1 Kb7 23. Ne4 Rd5 24. c4 Rd3 25. Rd2 Rhd8 26. h4 Rxd2 27. Bxd2 Bg4 28.
Bc3 Rd3 29. Re3 Rxe3 30. fxe3 Bxf3+ 31. Kxf3 Nxh4+ 32. Kf4 Ng6+ 33. Kg3 Nf8 34. Kf4 Ne6+ 35. Kg3 Nxg5 36. Nxg5 Bxg5 37. e4 g6 38. Kf3 Kc6 39. Be1 Kd7 40. Bg3 Ke6 41. Ke2 Bh6 42. Kf3 Bg7 43. Bf2 Bxe5 44. Be1 Bd6 45. Ke3 g5 46.
Kf3 Bf4 47. Bf2 Ke5 48. Be1 g4+ 49. Ke2 Kxe4 50. Bh4 f5 51. Bd8 g3 52. Kf1 Kf3 0-1

[Event "*** Titled Tuesday Blitz"]
[Site "Chess.com"]
[Date "2020.04.14"]
[Round "6"]
[White "SPEEDSKATER"]
[Black "shyam"]
[Result "1-0"]
[WhiteElo "2823"]
[BlackElo "2629"]
[TimeControl "180+1"]
[EndTime "11:04:00 PDT"]
[Termination "SPEEDSKATER won on time"]

1. d4 Nf6 2. c4 g6 3. Nf3 Bg7 4. Nc3 O-O 5. e3 d6 6. Be2 Nbd7 7. O-O e5 8. b3 Re8 9. Bb2 e4 10. Nd2 Nf8 11. Qc2 Bf5 12. Nd5 h5 13. h3 N8h7 14.
Rac1 Ng5 15. Nf4 c6 16. d5 c5 17. b4 b6 18. bxc5 bxc5 19. Rb1 Qd7 20. Kh2 Ngh7 21. Bc3 Rab8 22. Rb3 Rxb3 23. axb3 h4 24. Ra1 g5 25.
Nh5 Nxh5 26. Bxh5 Nf6 27. Be2 g4 28. Qb2 Qe7 29. Rxa7 Qxa7 30. Bxf6 g3+ 31. fxg3 hxg3+ 32. Kxg3 Re5 33. Bxg7 Kxg7 34. Nf1 Qe7 35. b4 cxb4 36. Qxb4 Bg6 37. Qc3 Qf6 38. Kh2 Rf5 39. Qxf6+ Kxf6 40. Ng3 Re5 41. Bd1 Kg5 42. Bc2 Re8 43. Kg1 f5 44. Ne2 Rc8 45. Bb3 Bf7 46. Nf4 Rb8 47. Ba4 Rb4 48. Bb5 Kh4 49. Kf2 Rb2+ 50. Kf1 Kg3 51. Ne2+ Kh2 52. Nf4 Ra2 53. h4 Kg3 54. h5 Ra1+ 55. Ke2 Ra2+ 56. Ke1 Ra1+ 57. Ke2 Ra2+ 58. Ke1 Ra1+ 59. Kd2 Ra2+ 60. Kc3 1-0

[Event "*** Titled Tuesday Blitz"]
[Site "Chess.com"]
[Date "2020.04.14"]
[Round "6"]
[White "moro182"]
[Black "fugadelafuga"]
[Result "1-0"]
[WhiteElo "2683"]
[BlackElo "2390"]
[TimeControl "180+1"]
[EndTime "11:04:00 PDT"]
[Termination "moro182 won on time"]

1. d4 Nf6 2. c4 c5 3. Nf3 cxd4 4. Nxd4 Nc6 5. Nc3 g6 6. e4 d6 7. Be2 Nxd4 8. Qxd4 Bg7 9. Be3 O-O 10. Qd1 a5 11. O-O a4 12. Rc1 Qa5 13. Bd2 Be6 14. Nd5 Qd8 15.
Qc2 Nd7 16. Be3 Nc5 17. f4 Bxd5 18. exd5 b6 19. f5 Qc7 20. h4 Nd7 21. h5 Ne5 22. Qe4 Rab8 23. hxg6 fxg6 24. fxg6 hxg6 25. Bg4 Nxg4 26.
Qxg4 Rxf1+ 27. Rxf1 Rf8 28. Qe6+ Kh7 29. Rxf8 Bxf8 30.
Qf7+ Bg7 31. Bd4 Kh6 32. Bxg7+ Kg5 33. Bd4 Qxc4 34. Qxe7+ Kh6 35. Qe3+ Kh7 36. Qh3+ Kg8 37. Qe6+ Kh7 38. Qf7+ Kh6 39. Qf4+ Kh7 40. a3 Qc2 41. Qh2+ Kg8 42. Qh8+ Kf7 43. Qf6+ Ke8 44. Qe6+ Kd8 45.
Bxb6+ 1-0

[Event "*** Titled Tuesday Blitz"]
[Site "Chess.com"]
[Date "2020.04.14"]
[Round "6"]
[White "TheFireChess"]
[Black "Colombiano07"]
[Result "0-1"]
[WhiteElo "2447"]
[BlackElo "2312"]
[TimeControl "180+1"]
[EndTime "11:04:00 PDT"]
[Termination "Colombiano07 won on time"]

1. e4 e6 2. Nc3 d5 3. d3 Nc6 4. f4 Bb4 5. Bd2 Nf6 6. e5 Nd7 7.
a3 Bxc3 8. bxc3 O-O 9. Nf3 f6 10. exf6 Qxf6 11. Be2 e5 12. fxe5 Ndxe5 13. O-O Qd6 14.
Nxe5 Rxf1+ 15. Qxf1 Nxe5 16. d4 Ng6 17. Bd3 Bd7 18.
a4 Rf8 19. Qe2 Nf4 20. Bxf4 Qxf4 21. a5 Bg4 22. Qe1 a6 23. Rb1 Bc8 24. Qe2 g6 25. Re1 b5 26. Rf1 Qxf1+ 27. Qxf1 Rxf1+ 28. Kxf1 Kf7 29. Kf2 Ke6 30. Ke3 Kd6 31. Kf4 c5 32. g4 c4 33.
Be2 h6 34. h4 Ke6 35. Bf3 Bb7 36. Bg2 Kf6 37. g5+ hxg5+ 38. hxg5+ Ke6 39. Bh3+ Kd6 40. Bg4 Bc6 41. Bh3 Be8 42. Bg4 Bf7 43. Bc8 Be6 44.
Bxa6 Kc6 45. Ke5 Bf5 0-1

[Event "*** Titled Tuesday Blitz"]
[Site "Chess.com"]
[Date "2020.04.14"]
[Round "6"]
[White "FannyDuarteNapoles"]
[Black "Stormeman100100"]
[Result "0-1"]
[WhiteElo "2275"]
[BlackElo "2458"]
[TimeControl "180+1"]
[EndTime "11:04:00 PDT"]
[Termination "Stormeman100100 won by checkmate"]

1. c3 f5 2. g3 Nf6 3. Bg2 g6 4. Nf3 Bg7 5. O-O O-O 6. d3 d6 7. e4 e5 8. exf5 gxf5 9. d4 Nc6 10. Bg5 e4 11. Nh4 h6 12. Bxf6 Bxf6 13. Ng6 Re8 14. h4 d5 15. Nd2 Bg7 16. Nb3 Ne7 17. Nf4 Qd6 18. Nc5 b6 19. Nb3 Ng6 20. Nh5 f4 21.
Re1 Bf5 22. Qc1 f3 23. Bf1 Bf8 24. c4 Bg4 25. c5 bxc5 26. dxc5 Qe5 27. Nf4 Nxf4 28.
Qxf4 Qxf4 29. gxf4 Kf7 30. Bb5 Re6 31. Kh2 c6 32. Ba6 h5 33. Rac1 Bh6 34. Rc3 Bxf4+ 35.
Kh1 Rg8 36. Nd4 Reg6 37. Rb3 Bh3 38. Rb7+ Kf6 39. Rd1 Bg2+ 40. Kg1 Bf1+ 41. Kxf1 Rg1# 0-1

[Event "*** Titled Tuesday Blitz"]
[Site "Chess.com"]
[Date "2020.04.14"]
[Round "6"]
[White "jaskol95"]
[Black "politeplayer"]
[Result "1-0"]
[WhiteElo "2404"]
[BlackElo "2194"]
[TimeControl "180+1"]
[EndTime "11:04:00 PDT"]
[Termination "jaskol95 won on time"]

1. d4 e6 2. Bf4 f5 3. Nc3 Nf6 4. e4 Bb4 5. e5 Ne4 6. Qf3 O-O 7. h4 Nc6 8. Ne2 b6 9. O-O-O Bb7 10. Nxe4 fxe4 11. Qxe4 Ne7 12. Qxb7 c6 13. a3 Ba5 14. b4 Nd5 15. Bd2 Qe7 16. c3 b5 17. Bg5 Qf7 18. bxa5 Rfb8 19. Qxa8 Rxa8 20. f3 Rb8 21. Kb2 Qf8 22. Bd2 c5 23. Nc1 b4 24. axb4 cxb4 25. c4 Nc3 26. Re1 Qd8 27. Nb3 Na4+ 28. Kc2 Nc3 29. Bd3 Qc7 30. h5 Qc6 31. h6 g6 32.
Nc5 Na4 33. Nb3 Nc3 34. Ra1 Nd5 35. Be4 Qc7 36. Kd3 Ne7 37. Nc5 d6 38. Nxe6 Qc8 39.
exd6 1-0

[Event "*** Titled Tuesday Blitz"]
[Site "Chess.com"]
[Date "2020.04.14"]
[Round "6"]
[White "Pittiplatsh"]
[Black "pooh2012"]
[Result "0-1"]
[WhiteElo "2342"]
[BlackElo "2561"]
[TimeControl "180+1"]
[EndTime "11:04:01 PDT"]
[Termination "pooh2012 won on time"]

1. e4 c6 2. d4 d5 3. e5 Bf5 4.
h4 h5 5. Bd3 Bxd3 6. Qxd3 Qa5+ 7.
Nd2 e6 8. Nf3 Qa6 9. c4 Ne7 10.
b3 Nd7 11. a4 Nf5 12. O-O Be7 13. g3 O-O 14. Qc2 Rfd8 15. c5 Rdc8 16. b4 b6 17. Re1 bxc5 18. bxc5 Rcb8 19. Nf1 Rb4 20. Bb2 Rab8 21. Bc3 Rb3 22. N3d2 R3b7 23. Ne3 Nh6 24. Reb1 Qe2 25. Re1 Qa6 26. Reb1 Nf8 27. Rxb7 Rxb7 28. Rb1 g5 29. Rxb7 Qxb7 30. hxg5 Bxg5 31. f4 Bd8 32. Qd1 Qa6 33. Ndf1 Kg7 34. f5 exf5 35. Ng2 Ng6 36. Nf4 h4 37. Nh5+ Kh7 38. Qd2 Ng4 39. gxh4 Qc4 40.
Ne3 Nxe3 41. Qxe3 Bxh4 42. Qf3 Qb3 0-1

[Event "*** Titled Tuesday Blitz"]
[Site "Chess.com"]
[Date "2020.04.14"]
[Round "6"]
[White "praveenb2002"]
[Black "Jumbo"]
[Result "1-0"]
[WhiteElo "2694"]
[BlackElo "2845"]
[TimeControl "180+1"]
[EndTime "11:04:02 PDT"]
[Termination "praveenb2002 won on time"]

1. d4 g6 2. c4 Bg7 3. Nf3 d6 4. g3 Nd7 5. Bg2 e5 6. Nc3 Ne7 7. O-O O-O 8. e4 exd4 9. Nxd4 Nc6 10. Be3 Nde5 11. Nxc6 bxc6 12. Qe2 Ba6 13. b3 Nxc4 14. bxc4 Bxc3 15. Rac1 Bg7 16. Qd2 c5 17. e5 Bxe5 18. Bxa8 Qxa8 19. f3 Re8 20. Kg2 Qc6 21. Bh6 Bc8 22.
Rce1 Be6 23. Qc2 Bg7 24. Bxg7 Kxg7 25. Re2 Qb6 26. Rb1 Qa5 27. h4 Qa6 28. Qc3+ Kg8 29. h5 gxh5 30. Rh1 Bh3+ 31. Kf2 Rxe2+ 32. Kxe2 Qxa2+ 33. Ke3 Bf5 34. Ra1 Qg2 35. Rxa7 Bc8 36. Ra8 Qh3 37. Qf6 Qd7 38. Qg5+ Kf8 39. Qd5 Ke7 40. Qe4+ Kf8 41. Qb7 Qe6+ 42. Kf2 1-0